 Dungeon Crawl Stone Soup version 0.29.0-4-gdea44cf6ec (webtiles) character file.

Game seed: 12748430276832001034

713 qw the Chopper (level 7, 41/41 HPs)
             Began as a Tengu Warper on Aug 28, 2022.
             Quit the game on level 4 of the Dungeon.
             The game lasted 00:02:12 (6497 turns).

qw the Chopper (Tengu Warper)                       Turns: 6497, Time: 00:02:12

Health: 41/41      AC: 11    Str: 13    XL:     7   Next: 69%
Magic:  11/11      EV:  7    Int: 14    God:
Gold:   202        SH:  4    Dex: 13    Spells: 10/10 levels left

rFire   + . .      SeeInvis .   Y - +0 hand axe
rCold   . . .      Faith    .   k - +0 buckler {rF+}
rNeg    . . .      Spirit   .   h - +0 chain mail
rPois   .          Reflect  .   (helmet restricted)
rElec   .          Harm     .   b - +1 cloak {Stlth+}
rCorr   .          Rampage  .   (no gloves)
Will    .....                   (boots unavailable)
Stlth   ..........              (no amulet)
HPRegen 0.13/turn               (no ring)
MPRegen 0.12/turn               (no ring)

@: flying quickly and evasively, quick
A: beak, talons 3, nimble flight
a: no special abilities


You were on level 4 of the Dungeon.
You visited 1 branch of the dungeon, and saw 4 of its levels.

You collected 202 gold pieces.


Innate Abilities, Weirdness & Mutations

You have a beak for a mouth.
You have claws for feet.
Your magical nature lets you fly swiftly and evasively.


   Skills:
 - Level 3.5 Fighting
 - Level 7.0 Axes
 - Level 1.0 Throwing
 - Level 4.6 Armour
 - Level 2.1 Dodging
 + Level 1.3 Shields
 - Level 2.0 Spellcasting
 - Level 2.4 Translocations


You had 10 spell levels left.
You didn't know any spells.
Your spell library contained the following spells:

 Spells                   Type           Power      Damage    Failure   Level
 Blink                    Tloc           16%        N/A       99%         2
 Gell's Gravitas          Tloc           8%         N/A       100%        3
 Lesser Beckoning         Tloc           8%         N/A       100%        3
 Teleport Other           Tloc           8%         N/A       100%        3
 Manifold Assault         Tloc           8%         N/A       100%        5

Inventory:

Hand Weapons
 a - a +0 morningstar
 Y - a +0 hand axe (weapon)
Missiles
 d - 3 boomerangs
 j - a javelin (quivered)
Armour
 b - a +1 cloak of stealth (worn)
 h - a +0 chain mail (worn)
 k - a +0 buckler of fire resistance (worn)
Jewellery
 f - a ring of fire
Scrolls
 e - a scroll of identify
Potions
 c - a potion of flight {unknown}
 g - a potion of curing {unknown}
 i - a potion of mutation {unknown}
 m - a potion of magic {unknown}

Dungeon Overview and Level Annotations

Branches:
Dungeon (4/15)
 Temple: D:4-7

Altars:
Wu Jian


Message History

6478 ||| Stepping randomly (stuck).
You see here a javelin.
A ball python is nearby!
A ball python is nearby!
6480 ||| Stepping randomly (stuck).
You see here a javelin.
A ball python is nearby!
A ball python is nearby!
6482 ||| Stepping randomly (stuck).
You see here a javelin.
A ball python is nearby!
A ball python is nearby!
6484 ||| Stepping randomly (stuck).
You see here a javelin.
A ball python is nearby!
A ball python is nearby!
6486 ||| Stepping randomly (stuck).
You see here a javelin.
A ball python is nearby!
A ball python is nearby!
6488 ||| Stepping randomly (stuck).
A ball python is nearby!
A ball python is nearby!
6489 ||| Stepping randomly (stuck).
You see here a +0 shortbow.
A ball python is nearby!
A ball python is nearby!
6491 ||| Stepping randomly (stuck).
You see here a +0 shortbow.
A ball python is nearby!
A ball python is nearby!
6493 ||| Stepping randomly (stuck).
You see here a +0 shortbow.
A ball python is nearby!
A ball python is nearby!
6495 ||| Stepping randomly (stuck).
You see here a +0 shortbow.
A ball python is nearby!
A ball python is nearby!
Are you sure you want to abandon this character and quit the game? (Confirm with "yes".)

###..#...#.88.# #####
.........#.88.##(...#
...##....'....#.#
..#.#....####%#.#
..##......##..#)#
...#......##%.#.##
##......#.#.####.# #
###.......#.#
#(###..#
##.##.#...#.# #@#S!#
### #.##..#.####)#..#
# #. #..##....#####
## ....######


You could see a ball python.

Vanquished Creatures
  Grinder (D:3)
  Sigmund (D:3)
  A centaur (D:4)
  A scorpion (D:4)
  2 hounds (D:4)
  Jessica (D:3)
  Robin (D:3)
  3 adders (D:2)
  2 worms
  3 dart slugs
  3 orcs (D:3)
  8 ball pythons
  3 endoplasms
  5 giant cockroaches
  10 goblins
  8 hobgoblins
  2 jackals (D:2)
  3 quokkas (D:1)
  7 bats
  3 frilled lizards (D:3)
  8 kobolds
  5 rats
81 creatures vanquished.

Notes
Turn   | Place    | Note
-------+----------+-------------------------------------------
     0 | D:1      | qw the Tengu Warper began the quest for the Orb.
     0 | D:1      | Reached XP level 1. HP: 12/12 MP: 4/4
     0 | D:1      | 0 ||| qw: Version: 0.1-a-89-g26bdef1
     0 | D:1      | 0 ||| qw: Game counter: 3034
     0 | D:1      | 0 ||| qw: Always use a shield: true
     0 | D:1      | 0 ||| qw: God list: Okawaru
     0 | D:1      | 0 ||| qw: Allow faded altars: false
     0 | D:1      | 0 ||| qw: Do Orc after D:15 true
     0 | D:1      | 0 ||| qw: Do second Lair branch before Depths: true
     0 | D:1      | 0 ||| qw: Lair rune preference: random
     0 | D:1      | 0 ||| qw: Plans: Normal
     0 | D:1      | 0 ||| PLANNING D:1-11
    53 | D:1      | 53 ||| Stepping ~*~*~tactically~*~*~ (hiding).
   231 | D:1      | 231 ||| Stepping ~*~*~tactically~*~*~ (stealth).
   242 | D:1      | Reached XP level 2. HP: 15/17 MP: 6/6
   243 | D:1      | Reached skill level 3 in Axes
   293 | D:1      | 293 ||| Stepping ~*~*~tactically~*~*~ (stealth).
   294 | D:1      | 294 ||| Stepping ~*~*~tactically~*~*~ (stealth).
   301 | D:1      | 301 ||| Stepping ~*~*~tactically~*~*~ (stealth).
   302 | D:1      | 302 ||| Stepping ~*~*~tactically~*~*~ (stealth).
   576 | D:1      | 576 ||| DROPPING +0 club.
   615 | D:1      | Found a faded altar of an unknown god.
  1057 | D:1      | 1057 ||| UPGRADING to +0 ring mail.
  1067 | D:1      | 1067 ||| DROPPING +0 leather armour.
  1068 | D:1      | 1068 ||| UPGRADING to +0 buckler of fire resistance.
  1073 | D:1      | 1073 ||| UPGRADING to +0 scale mail.
  1083 | D:1      | 1083 ||| DROPPING +0 ring mail.
  1084 | D:1      | 1084 ||| READING scroll labelled ANUMUT PABRAI.
  1085 | D:1      | 1085 ||| READING scroll labelled HEAKIL XUAHY.
  1086 | D:1      | 1086 ||| READING scroll labelled ARGHOMMAENY.
  1087 | D:1      | 1087 ||| DROPPING scroll of blinking.
  1207 | D:2      | 1207 ||| Stepping ~*~*~tactically~*~*~ (stealth).
  1212 | D:2      | Reached XP level 3. HP: 19/21 MP: 7/7
  1360 | D:2      | Reached skill level 1 in Shields
  1804 | D:2      | Found an ornate altar of the Wu Jian Council.
  1860 | D:2      | 1860 ||| FLEEEEING.
  1861 | D:2      | 1861 ||| FLEEEEING.
  1862 | D:2      | 1862 ||| FLEEEEING.
  1863 | D:2      | 1863 ||| FLEEEEING.
  1864 | D:2      | 1864 ||| FLEEEEING.
  1865 | D:2      | 1865 ||| FLEEEEING.
  2077 | D:2      | Reached skill level 4 in Axes
  2162 | D:2      | Reached XP level 4. HP: 19/26 MP: 8/8
  2355 | D:2      | 2355 ||| DROPPING +0 whip.
  2611 | D:2      | 2611 ||| UPGRADING to +1 cloak of stealth.
  2616 | D:2      | 2616 ||| READING scroll labelled RAETWUNLUP.
  2717 | D:2      | 2717 ||| READING scroll labelled TEOVICKUARGH.
  2718 | D:2      | 2718 ||| READING 3 scrolls of identify.
  2718 | D:2      | 2718 ||| IDENTIFYING blue potion
  2719 | D:2      | 2719 ||| READING 2 scrolls of identify.
  2719 | D:2      | 2719 ||| IDENTIFYING smoky cyan potion
  2720 | D:2      | 2720 ||| DROPPING potion of brilliance.
  2746 | D:3      | Noticed Robin
  2747 | D:3      | 2747 ||| STAIRDANCE
  2759 | D:3      | 2759 ||| STAIRDANCE
  2832 | D:3      | 2832 ||| STAIRDANCE
  2880 | D:3      | 2880 ||| STAIRDANCE
  2916 | D:3      | Killed Robin
  3063 | D:3      | 3063 ||| DROPPING +0 flail.
  3085 | D:3      | Noticed Jessica
  3092 | D:3      | Killed Jessica
  3093 | D:3      | Reached skill level 5 in Axes
  3093 | D:3      | Gained mutation: Your magical nature lets you fly swiftly
                  | and evasively. [Tengu growth]
  3093 | D:3      | Reached XP level 5. HP: 28/30 MP: 9/9
  3137 | D:3      | 3137 ||| UPGRADING to +0 chain mail.
  3147 | D:3      | 3147 ||| DROPPING +0 scale mail.
  3149 | D:3      | 3149 ||| DRINKING 2 metallic black potions.
  3150 | D:3      | 3150 ||| DROPPING potion of attraction.
  3151 | D:3      | 3151 ||| Stepping randomly (stuck).
  3152 | D:3      | 3152 ||| Stepping randomly (stuck).
  3153 | D:3      | Noticed Grinder
  3157 | D:3      | Paralysed by Grinder for 2 turns
  3169 | D:3      | HP: 1/30 [Grinder/nerve-wracking pain (12)]
  3170 | D:3      | 3170 ||| DRINKING potion of heal wounds.
  3174 | D:3      | Killed Grinder
  3175 | D:3      | Reached XP level 6. HP: 20/35 MP: 10/10
  3436 | D:3      | 3436 ||| Stepping randomly (stuck).
  3437 | D:3      | 3437 ||| Stepping randomly (stuck).
  3438 | D:3      | 3438 ||| Stepping randomly (stuck).
  3439 | D:3      | 3439 ||| Stepping randomly (stuck).
  3440 | D:3      | 3440 ||| Stepping randomly (stuck).
  3495 | D:3      | 3495 ||| Stepping ~*~*~tactically~*~*~ (hiding).
  3553 | D:3      | 3553 ||| Stepping ~*~*~tactically~*~*~ (stealth).
  3555 | D:3      | 3555 ||| Stepping ~*~*~tactically~*~*~ (hiding).
  4028 | D:3      | Noticed Sigmund
  4050 | D:3      | Killed Sigmund
  4051 | D:3      | Reached skill level 6 in Axes
  4051 | D:3      | Reached XP level 7. HP: 25/40 MP: 11/11
  4226 | D:3      | 4226 ||| Stepping randomly (stuck).
  4228 | D:3      | 4228 ||| Stepping randomly (stuck).
  4229 | D:3      | 4229 ||| Stepping randomly (stuck).
  4230 | D:3      | 4230 ||| Stepping randomly (stuck).
  4231 | D:3      | 4231 ||| Stepping randomly (stuck).
  4232 | D:3      | 4232 ||| Stepping randomly (stuck).
  4233 | D:3      | 4233 ||| Stepping randomly (stuck).
  4234 | D:3      | 4234 ||| Stepping randomly (stuck).
  4236 | D:3      | 4236 ||| Stepping randomly (stuck).
  4237 | D:3      | 4237 ||| Stepping randomly (stuck).
  4238 | D:3      | 4238 ||| Stepping randomly (stuck).
  4239 | D:3      | 4239 ||| Stepping randomly (stuck).
  4606 | D:4      | Reached skill level 7 in Axes
  4922 | D:4      | 4922 ||| Stepping ~*~*~tactically~*~*~ (stealth).
  4971 | D:4      | 4971 ||| Stepping randomly (stuck).
  4972 | D:4      | 4972 ||| Stepping randomly (stuck).
  4973 | D:4      | 4973 ||| Stepping randomly (stuck).
  4974 | D:4      | 4974 ||| Stepping randomly (stuck).
  4975 | D:4      | 4975 ||| Stepping randomly (stuck).
  4976 | D:4      | 4976 ||| Stepping randomly (stuck).
  4977 | D:4      | 4977 ||| Stepping randomly (stuck).
  4978 | D:4      | 4978 ||| Stepping randomly (stuck).
  4979 | D:4      | 4979 ||| Stepping randomly (stuck).
  4980 | D:4      | 4980 ||| Stepping randomly (stuck).
  4982 | D:4      | 4982 ||| Stepping randomly (stuck).
  4984 | D:4      | 4984 ||| Stepping randomly (stuck).
  4986 | D:4      | 4986 ||| Stepping randomly (stuck).
  4988 | D:4      | 4988 ||| Stepping randomly (stuck).
  4989 | D:4      | 4989 ||| Stepping randomly (stuck).
  4990 | D:4      | 4990 ||| Stepping randomly (stuck).
  4991 | D:4      | 4991 ||| Stepping randomly (stuck).
  4992 | D:4      | 4992 ||| Stepping randomly (stuck).
  4993 | D:4      | 4993 ||| Stepping randomly (stuck).
  4994 | D:4      | 4994 ||| Stepping randomly (stuck).
  4996 | D:4      | 4996 ||| Stepping randomly (stuck).
  4998 | D:4      | 4998 ||| Stepping randomly (stuck).
  5000 | D:4      | 5000 ||| Stepping randomly (stuck).
  5001 | D:4      | 5001 ||| Stepping randomly (stuck).
  5002 | D:4      | 5002 ||| Stepping randomly (stuck).
  5004 | D:4      | 5004 ||| Stepping randomly (stuck).
  5005 | D:4      | 5005 ||| Stepping randomly (stuck).
  5006 | D:4      | 5006 ||| Stepping randomly (stuck).
  5007 | D:4      | 5007 ||| Stepping randomly (stuck).
  5008 | D:4      | 5008 ||| Stepping randomly (stuck).
  5009 | D:4      | 5009 ||| Stepping randomly (stuck).
  5010 | D:4      | 5010 ||| Stepping randomly (stuck).
  5011 | D:4      | 5011 ||| Stepping randomly (stuck).
  5012 | D:4      | 5012 ||| Stepping randomly (stuck).
  5013 | D:4      | 5013 ||| Stepping randomly (stuck).
  5014 | D:4      | 5014 ||| Stepping randomly (stuck).
  5015 | D:4      | 5015 ||| Stepping randomly (stuck).
  5016 | D:4      | 5016 ||| Stepping randomly (stuck).
  5017 | D:4      | 5017 ||| Stepping randomly (stuck).
  5018 | D:4      | 5018 ||| Stepping randomly (stuck).
  5019 | D:4      | 5019 ||| Stepping randomly (stuck).
  5020 | D:4      | 5020 ||| Stepping randomly (stuck).
  5021 | D:4      | 5021 ||| Stepping randomly (stuck).
  5022 | D:4      | 5022 ||| Stepping randomly (stuck).
  5023 | D:4      | 5023 ||| Stepping randomly (stuck).
  5024 | D:4      | 5024 ||| Stepping randomly (stuck).
  5025 | D:4      | 5025 ||| Stepping randomly (stuck).
  5026 | D:4      | 5026 ||| Stepping randomly (stuck).
  5027 | D:4      | 5027 ||| Stepping randomly (stuck).
  5028 | D:4      | 5028 ||| Stepping randomly (stuck).
  5029 | D:4      | 5029 ||| Stepping randomly (stuck).
  5030 | D:4      | 5030 ||| Stepping randomly (stuck).
  5031 | D:4      | 5031 ||| Stepping randomly (stuck).
  5032 | D:4      | 5032 ||| Stepping randomly (stuck).
  5033 | D:4      | 5033 ||| Stepping randomly (stuck).
  5034 | D:4      | 5034 ||| Stepping randomly (stuck).
  5035 | D:4      | 5035 ||| Stepping randomly (stuck).
  5036 | D:4      | 5036 ||| Stepping randomly (stuck).
  5037 | D:4      | 5037 ||| Stepping randomly (stuck).
  5042 | D:4      | 5042 ||| Stepping randomly (stuck).
  5044 | D:4      | 5044 ||| Stepping randomly (stuck).
  5045 | D:4      | 5045 ||| Stepping randomly (stuck).
  5046 | D:4      | 5046 ||| Stepping randomly (stuck).
  5047 | D:4      | 5047 ||| Stepping randomly (stuck).
  5048 | D:4      | 5048 ||| Stepping randomly (stuck).
  5049 | D:4      | 5049 ||| Stepping randomly (stuck).
  5050 | D:4      | 5050 ||| Stepping randomly (stuck).
  5051 | D:4      | 5051 ||| Stepping randomly (stuck).
  5052 | D:4      | 5052 ||| Stepping randomly (stuck).
  5053 | D:4      | 5053 ||| Stepping randomly (stuck).
  5054 | D:4      | 5054 ||| Stepping randomly (stuck).
  5055 | D:4      | 5055 ||| Stepping randomly (stuck).
  5056 | D:4      | 5056 ||| Stepping randomly (stuck).
  5057 | D:4      | 5057 ||| Stepping randomly (stuck).
  5058 | D:4      | 5058 ||| Stepping randomly (stuck).
  5059 | D:4      | 5059 ||| Stepping randomly (stuck).
  5060 | D:4      | 5060 ||| Stepping randomly (stuck).
  5061 | D:4      | 5061 ||| Stepping randomly (stuck).
  5062 | D:4      | 5062 ||| Stepping randomly (stuck).
  5063 | D:4      | 5063 ||| Stepping randomly (stuck).
  5064 | D:4      | 5064 ||| Stepping randomly (stuck).
  5065 | D:4      | 5065 ||| Stepping randomly (stuck).
  5066 | D:4      | 5066 ||| Stepping randomly (stuck).
  5067 | D:4      | 5067 ||| Stepping randomly (stuck).
  5068 | D:4      | 5068 ||| Stepping randomly (stuck).
  5069 | D:4      | 5069 ||| Stepping randomly (stuck).
  5070 | D:4      | 5070 ||| Stepping randomly (stuck).
  5071 | D:4      | 5071 ||| Stepping randomly (stuck).
  5072 | D:4      | 5072 ||| Stepping randomly (stuck).
  5073 | D:4      | 5073 ||| Stepping randomly (stuck).
  5074 | D:4      | 5074 ||| Stepping randomly (stuck).
  5075 | D:4      | 5075 ||| Stepping randomly (stuck).
  5076 | D:4      | 5076 ||| Stepping randomly (stuck).
  5077 | D:4      | 5077 ||| Stepping randomly (stuck).
  5079 | D:4      | 5079 ||| Stepping randomly (stuck).
  5080 | D:4      | 5080 ||| Stepping randomly (stuck).
  5084 | D:4      | 5084 ||| Stepping randomly (stuck).
  5085 | D:4      | 5085 ||| Stepping randomly (stuck).
  5086 | D:4      | 5086 ||| Stepping randomly (stuck).
  5087 | D:4      | 5087 ||| Stepping randomly (stuck).
  5088 | D:4      | 5088 ||| Stepping randomly (stuck).
  5089 | D:4      | 5089 ||| Stepping randomly (stuck).
  5090 | D:4      | 5090 ||| Stepping randomly (stuck).
  5094 | D:4      | 5094 ||| Stepping randomly (stuck).
  5095 | D:4      | 5095 ||| Stepping randomly (stuck).
  5096 | D:4      | 5096 ||| Stepping randomly (stuck).
  5097 | D:4      | 5097 ||| Stepping randomly (stuck).
  5099 | D:4      | 5099 ||| Stepping randomly (stuck).
  5100 | D:4      | 5100 ||| Stepping randomly (stuck).
  5101 | D:4      | 5101 ||| Stepping randomly (stuck).
  5102 | D:4      | 5102 ||| Stepping randomly (stuck).
  5103 | D:4      | 5103 ||| Stepping randomly (stuck).
  5104 | D:4      | 5104 ||| Stepping randomly (stuck).
  5105 | D:4      | 5105 ||| Stepping randomly (stuck).
  5106 | D:4      | 5106 ||| Stepping randomly (stuck).
  5107 | D:4      | 5107 ||| Stepping randomly (stuck).
  5108 | D:4      | 5108 ||| Stepping randomly (stuck).
  5109 | D:4      | 5109 ||| Stepping randomly (stuck).
  5116 | D:4      | 5116 ||| READING scroll labelled YWESTR IRAAHA.
  5117 | D:4      | 5117 ||| Stepping randomly (stuck).
  5118 | D:4      | 5118 ||| Stepping randomly (stuck).
  5119 | D:4      | 5119 ||| Stepping ~*~*~tactically~*~*~ (hiding).
  5122 | D:4      | 5122 ||| Stepping ~*~*~tactically~*~*~ (hiding).
  5133 | D:4      | Reached skill level 3 in Fighting
  5205 | D:4      | 5205 ||| Stepping randomly (stuck).
  5206 | D:4      | 5206 ||| Stepping randomly (stuck).
  5207 | D:4      | 5207 ||| Stepping randomly (stuck).
  5208 | D:4      | 5208 ||| Stepping randomly (stuck).
  5210 | D:4      | 5210 ||| Stepping randomly (stuck).
  5212 | D:4      | 5212 ||| Stepping randomly (stuck).
  5213 | D:4      | 5213 ||| Stepping randomly (stuck).
  5214 | D:4      | 5214 ||| Stepping randomly (stuck).
  5215 | D:4      | 5215 ||| Stepping randomly (stuck).
  5216 | D:4      | 5216 ||| Stepping randomly (stuck).
  5217 | D:4      | 5217 ||| Stepping randomly (stuck).
  5219 | D:4      | 5219 ||| Stepping randomly (stuck).
  5220 | D:4      | 5220 ||| Stepping randomly (stuck).
  5222 | D:4      | 5222 ||| Stepping randomly (stuck).
  5224 | D:4      | 5224 ||| Stepping randomly (stuck).
  5225 | D:4      | 5225 ||| Stepping randomly (stuck).
  5227 | D:4      | 5227 ||| Stepping randomly (stuck).
  5228 | D:4      | 5228 ||| Stepping randomly (stuck).
  5229 | D:4      | 5229 ||| Stepping randomly (stuck).
  5230 | D:4      | 5230 ||| Stepping randomly (stuck).
  5232 | D:4      | 5232 ||| Stepping randomly (stuck).
  5233 | D:4      | 5233 ||| Stepping randomly (stuck).
  5235 | D:4      | 5235 ||| Stepping randomly (stuck).
  5236 | D:4      | 5236 ||| Stepping randomly (stuck).
  5238 | D:4      | 5238 ||| Stepping randomly (stuck).
  5239 | D:4      | 5239 ||| Stepping randomly (stuck).
  5240 | D:4      | 5240 ||| Stepping randomly (stuck).
  5242 | D:4      | 5242 ||| Stepping randomly (stuck).
  5243 | D:4      | 5243 ||| Stepping randomly (stuck).
  5244 | D:4      | 5244 ||| Stepping randomly (stuck).
  5246 | D:4      | 5246 ||| Stepping randomly (stuck).
  5248 | D:4      | 5248 ||| Stepping randomly (stuck).
  5249 | D:4      | 5249 ||| Stepping randomly (stuck).
  5251 | D:4      | 5251 ||| Stepping randomly (stuck).
  5252 | D:4      | 5252 ||| Stepping randomly (stuck).
  5254 | D:4      | 5254 ||| Stepping randomly (stuck).
  5256 | D:4      | 5256 ||| Stepping randomly (stuck).
  5258 | D:4      | 5258 ||| Stepping randomly (stuck).
  5259 | D:4      | 5259 ||| Stepping randomly (stuck).
  5260 | D:4      | 5260 ||| Stepping randomly (stuck).
  5261 | D:4      | 5261 ||| Stepping randomly (stuck).
  5263 | D:4      | 5263 ||| Stepping randomly (stuck).
  5265 | D:4      | 5265 ||| Stepping randomly (stuck).
  5267 | D:4      | 5267 ||| Stepping randomly (stuck).
  5269 | D:4      | 5269 ||| Stepping randomly (stuck).
  5271 | D:4      | 5271 ||| Stepping randomly (stuck).
  5272 | D:4      | 5272 ||| Stepping randomly (stuck).
  5273 | D:4      | 5273 ||| Stepping randomly (stuck).
  5274 | D:4      | 5274 ||| Stepping randomly (stuck).
  5276 | D:4      | 5276 ||| Stepping randomly (stuck).
  5277 | D:4      | 5277 ||| Stepping randomly (stuck).
  5279 | D:4      | 5279 ||| Stepping randomly (stuck).
  5280 | D:4      | 5280 ||| Stepping randomly (stuck).
  5281 | D:4      | 5281 ||| Stepping randomly (stuck).
  5282 | D:4      | 5282 ||| Stepping randomly (stuck).
  5284 | D:4      | 5284 ||| Stepping randomly (stuck).
  5285 | D:4      | 5285 ||| Stepping randomly (stuck).
  5287 | D:4      | 5287 ||| Stepping randomly (stuck).
  5289 | D:4      | 5289 ||| Stepping randomly (stuck).
  5290 | D:4      | 5290 ||| Stepping randomly (stuck).
  5292 | D:4      | 5292 ||| Stepping randomly (stuck).
  5293 | D:4      | 5293 ||| Stepping randomly (stuck).
  5295 | D:4      | 5295 ||| Stepping randomly (stuck).
  5296 | D:4      | 5296 ||| Stepping randomly (stuck).
  5298 | D:4      | 5298 ||| Stepping randomly (stuck).
  5300 | D:4      | 5300 ||| Stepping randomly (stuck).
  5302 | D:4      | 5302 ||| Stepping randomly (stuck).
  5303 | D:4      | 5303 ||| Stepping randomly (stuck).
  5304 | D:4      | 5304 ||| Stepping randomly (stuck).
  5305 | D:4      | 5305 ||| Stepping randomly (stuck).
  5307 | D:4      | 5307 ||| Stepping randomly (stuck).
  5308 | D:4      | 5308 ||| Stepping randomly (stuck).
  5309 | D:4      | 5309 ||| Stepping randomly (stuck).
  5311 | D:4      | 5311 ||| Stepping randomly (stuck).
  5313 | D:4      | 5313 ||| Stepping randomly (stuck).
  5315 | D:4      | 5315 ||| Stepping randomly (stuck).
  5317 | D:4      | 5317 ||| Stepping randomly (stuck).
  5319 | D:4      | 5319 ||| Stepping randomly (stuck).
  5320 | D:4      | 5320 ||| Stepping randomly (stuck).
  5321 | D:4      | 5321 ||| Stepping randomly (stuck).
  5323 | D:4      | 5323 ||| Stepping randomly (stuck).
  5325 | D:4      | 5325 ||| Stepping randomly (stuck).
  5326 | D:4      | 5326 ||| Stepping randomly (stuck).
  5327 | D:4      | 5327 ||| Stepping randomly (stuck).
  5329 | D:4      | 5329 ||| Stepping randomly (stuck).
  5330 | D:4      | 5330 ||| Stepping randomly (stuck).
  5331 | D:4      | 5331 ||| Stepping randomly (stuck).
  5333 | D:4      | 5333 ||| Stepping randomly (stuck).
  5334 | D:4      | 5334 ||| Stepping randomly (stuck).
  5336 | D:4      | 5336 ||| Stepping randomly (stuck).
  5338 | D:4      | 5338 ||| Stepping randomly (stuck).
  5339 | D:4      | 5339 ||| Stepping randomly (stuck).
  5340 | D:4      | 5340 ||| Stepping randomly (stuck).
  5341 | D:4      | 5341 ||| Stepping randomly (stuck).
  5343 | D:4      | 5343 ||| Stepping randomly (stuck).
  5345 | D:4      | 5345 ||| Stepping randomly (stuck).
  5346 | D:4      | 5346 ||| Stepping randomly (stuck).
  5347 | D:4      | 5347 ||| Stepping randomly (stuck).
  5349 | D:4      | 5349 ||| Stepping randomly (stuck).
  5350 | D:4      | 5350 ||| Stepping randomly (stuck).
  5351 | D:4      | 5351 ||| Stepping randomly (stuck).
  5352 | D:4      | 5352 ||| Stepping randomly (stuck).
  5353 | D:4      | 5353 ||| Stepping randomly (stuck).
  5354 | D:4      | 5354 ||| Stepping randomly (stuck).
  5355 | D:4      | 5355 ||| Stepping randomly (stuck).
  5356 | D:4      | 5356 ||| Stepping randomly (stuck).
  5357 | D:4      | 5357 ||| Stepping randomly (stuck).
  5359 | D:4      | 5359 ||| Stepping randomly (stuck).
  5360 | D:4      | 5360 ||| Stepping randomly (stuck).
  5362 | D:4      | 5362 ||| Stepping randomly (stuck).
  5363 | D:4      | 5363 ||| Stepping randomly (stuck).
  5364 | D:4      | 5364 ||| Stepping randomly (stuck).
  5365 | D:4      | 5365 ||| Stepping randomly (stuck).
  5366 | D:4      | 5366 ||| Stepping randomly (stuck).
  5367 | D:4      | 5367 ||| Stepping randomly (stuck).
  5369 | D:4      | 5369 ||| Stepping randomly (stuck).
  5371 | D:4      | 5371 ||| Stepping randomly (stuck).
  5372 | D:4      | 5372 ||| Stepping randomly (stuck).
  5373 | D:4      | 5373 ||| Stepping randomly (stuck).
  5374 | D:4      | 5374 ||| Stepping randomly (stuck).
  5376 | D:4      | 5376 ||| Stepping randomly (stuck).
  5378 | D:4      | 5378 ||| Stepping randomly (stuck).
  5380 | D:4      | 5380 ||| Stepping randomly (stuck).
  5382 | D:4      | 5382 ||| Stepping randomly (stuck).
  5383 | D:4      | 5383 ||| Stepping randomly (stuck).
  5385 | D:4      | 5385 ||| Stepping randomly (stuck).
  5386 | D:4      | 5386 ||| Stepping randomly (stuck).
  5388 | D:4      | 5388 ||| Stepping randomly (stuck).
  5390 | D:4      | 5390 ||| Stepping randomly (stuck).
  5391 | D:4      | 5391 ||| Stepping randomly (stuck).
  5393 | D:4      | 5393 ||| Stepping randomly (stuck).
  5395 | D:4      | 5395 ||| Stepping randomly (stuck).
  5396 | D:4      | 5396 ||| Stepping randomly (stuck).
  5398 | D:4      | 5398 ||| Stepping randomly (stuck).
  5399 | D:4      | 5399 ||| Stepping randomly (stuck).
  5400 | D:4      | 5400 ||| Stepping randomly (stuck).
  5402 | D:4      | 5402 ||| Stepping randomly (stuck).
  5404 | D:4      | 5404 ||| Stepping randomly (stuck).
  5406 | D:4      | 5406 ||| Stepping randomly (stuck).
  5408 | D:4      | 5408 ||| Stepping randomly (stuck).
  5409 | D:4      | 5409 ||| Stepping randomly (stuck).
  5410 | D:4      | 5410 ||| Stepping randomly (stuck).
  5412 | D:4      | 5412 ||| Stepping randomly (stuck).
  5414 | D:4      | 5414 ||| Stepping randomly (stuck).
  5415 | D:4      | 5415 ||| Stepping randomly (stuck).
  5416 | D:4      | 5416 ||| Stepping randomly (stuck).
  5418 | D:4      | 5418 ||| Stepping randomly (stuck).
  5419 | D:4      | 5419 ||| Stepping randomly (stuck).
  5421 | D:4      | 5421 ||| Stepping randomly (stuck).
  5422 | D:4      | 5422 ||| Stepping randomly (stuck).
  5423 | D:4      | 5423 ||| Stepping randomly (stuck).
  5424 | D:4      | 5424 ||| Stepping randomly (stuck).
  5426 | D:4      | 5426 ||| Stepping randomly (stuck).
  5427 | D:4      | 5427 ||| Stepping randomly (stuck).
  5428 | D:4      | 5428 ||| Stepping randomly (stuck).
  5429 | D:4      | 5429 ||| Stepping randomly (stuck).
  5431 | D:4      | 5431 ||| Stepping randomly (stuck).
  5432 | D:4      | 5432 ||| Stepping randomly (stuck).
  5434 | D:4      | 5434 ||| Stepping randomly (stuck).
  5435 | D:4      | 5435 ||| Stepping randomly (stuck).
  5437 | D:4      | 5437 ||| Stepping randomly (stuck).
  5438 | D:4      | 5438 ||| Stepping randomly (stuck).
  5440 | D:4      | 5440 ||| Stepping randomly (stuck).
  5441 | D:4      | 5441 ||| Stepping randomly (stuck).
  5442 | D:4      | 5442 ||| Stepping randomly (stuck).
  5444 | D:4      | 5444 ||| Stepping randomly (stuck).
  5445 | D:4      | 5445 ||| Stepping randomly (stuck).
  5446 | D:4      | 5446 ||| Stepping randomly (stuck).
  5447 | D:4      | 5447 ||| Stepping randomly (stuck).
  5449 | D:4      | 5449 ||| Stepping randomly (stuck).
  5450 | D:4      | 5450 ||| Stepping randomly (stuck).
  5451 | D:4      | 5451 ||| Stepping randomly (stuck).
  5453 | D:4      | 5453 ||| Stepping randomly (stuck).
  5454 | D:4      | 5454 ||| Stepping randomly (stuck).
  5456 | D:4      | 5456 ||| Stepping randomly (stuck).
  5457 | D:4      | 5457 ||| Stepping randomly (stuck).
  5459 | D:4      | 5459 ||| Stepping randomly (stuck).
  5460 | D:4      | 5460 ||| Stepping randomly (stuck).
  5461 | D:4      | 5461 ||| Stepping randomly (stuck).
  5462 | D:4      | 5462 ||| Stepping randomly (stuck).
  5464 | D:4      | 5464 ||| Stepping randomly (stuck).
  5466 | D:4      | 5466 ||| Stepping randomly (stuck).
  5468 | D:4      | 5468 ||| Stepping randomly (stuck).
  5470 | D:4      | 5470 ||| Stepping randomly (stuck).
  5471 | D:4      | 5471 ||| Stepping randomly (stuck).
  5473 | D:4      | 5473 ||| Stepping randomly (stuck).
  5474 | D:4      | 5474 ||| Stepping randomly (stuck).
  5476 | D:4      | 5476 ||| Stepping randomly (stuck).
  5478 | D:4      | 5478 ||| Stepping randomly (stuck).
  5479 | D:4      | 5479 ||| Stepping randomly (stuck).
  5481 | D:4      | 5481 ||| Stepping randomly (stuck).
  5483 | D:4      | 5483 ||| Stepping randomly (stuck).
  5484 | D:4      | 5484 ||| Stepping randomly (stuck).
  5485 | D:4      | 5485 ||| Stepping randomly (stuck).
  5487 | D:4      | 5487 ||| Stepping randomly (stuck).
  5488 | D:4      | 5488 ||| Stepping randomly (stuck).
  5489 | D:4      | 5489 ||| Stepping randomly (stuck).
  5491 | D:4      | 5491 ||| Stepping randomly (stuck).
  5492 | D:4      | 5492 ||| Stepping randomly (stuck).
  5493 | D:4      | 5493 ||| Stepping randomly (stuck).
  5494 | D:4      | 5494 ||| Stepping randomly (stuck).
  5495 | D:4      | 5495 ||| Stepping randomly (stuck).
  5497 | D:4      | 5497 ||| Stepping randomly (stuck).
  5498 | D:4      | 5498 ||| Stepping randomly (stuck).
  5500 | D:4      | 5500 ||| Stepping randomly (stuck).
  5502 | D:4      | 5502 ||| Stepping randomly (stuck).
  5503 | D:4      | 5503 ||| Stepping randomly (stuck).
  5504 | D:4      | 5504 ||| Stepping randomly (stuck).
  5505 | D:4      | 5505 ||| Stepping randomly (stuck).
  5507 | D:4      | 5507 ||| Stepping randomly (stuck).
  5508 | D:4      | 5508 ||| Stepping randomly (stuck).
  5510 | D:4      | 5510 ||| Stepping randomly (stuck).
  5512 | D:4      | 5512 ||| Stepping randomly (stuck).
  5514 | D:4      | 5514 ||| Stepping randomly (stuck).
  5516 | D:4      | 5516 ||| Stepping randomly (stuck).
  5518 | D:4      | 5518 ||| Stepping randomly (stuck).
  5519 | D:4      | 5519 ||| Stepping randomly (stuck).
  5521 | D:4      | 5521 ||| Stepping randomly (stuck).
  5522 | D:4      | 5522 ||| Stepping randomly (stuck).
  5523 | D:4      | 5523 ||| Stepping randomly (stuck).
  5524 | D:4      | 5524 ||| Stepping randomly (stuck).
  5526 | D:4      | 5526 ||| Stepping randomly (stuck).
  5527 | D:4      | 5527 ||| Stepping randomly (stuck).
  5528 | D:4      | 5528 ||| Stepping randomly (stuck).
  5529 | D:4      | 5529 ||| Stepping randomly (stuck).
  5531 | D:4      | 5531 ||| Stepping randomly (stuck).
  5532 | D:4      | 5532 ||| Stepping randomly (stuck).
  5534 | D:4      | 5534 ||| Stepping randomly (stuck).
  5535 | D:4      | 5535 ||| Stepping randomly (stuck).
  5537 | D:4      | 5537 ||| Stepping randomly (stuck).
  5539 | D:4      | 5539 ||| Stepping randomly (stuck).
  5541 | D:4      | 5541 ||| Stepping randomly (stuck).
  5542 | D:4      | 5542 ||| Stepping randomly (stuck).
  5543 | D:4      | 5543 ||| Stepping randomly (stuck).
  5544 | D:4      | 5544 ||| Stepping randomly (stuck).
  5546 | D:4      | 5546 ||| Stepping randomly (stuck).
  5548 | D:4      | 5548 ||| Stepping randomly (stuck).
  5549 | D:4      | 5549 ||| Stepping randomly (stuck).
  5551 | D:4      | 5551 ||| Stepping randomly (stuck).
  5553 | D:4      | 5553 ||| Stepping randomly (stuck).
  5554 | D:4      | 5554 ||| Stepping randomly (stuck).
  5556 | D:4      | 5556 ||| Stepping randomly (stuck).
  5558 | D:4      | 5558 ||| Stepping randomly (stuck).
  5559 | D:4      | 5559 ||| Stepping randomly (stuck).
  5560 | D:4      | 5560 ||| Stepping randomly (stuck).
  5562 | D:4      | 5562 ||| Stepping randomly (stuck).
  5563 | D:4      | 5563 ||| Stepping randomly (stuck).
  5564 | D:4      | 5564 ||| Stepping randomly (stuck).
  5565 | D:4      | 5565 ||| Stepping randomly (stuck).
  5567 | D:4      | 5567 ||| Stepping randomly (stuck).
  5569 | D:4      | 5569 ||| Stepping randomly (stuck).
  5570 | D:4      | 5570 ||| Stepping randomly (stuck).
  5572 | D:4      | 5572 ||| Stepping randomly (stuck).
  5574 | D:4      | 5574 ||| Stepping randomly (stuck).
  5575 | D:4      | 5575 ||| Stepping randomly (stuck).
  5576 | D:4      | 5576 ||| Stepping randomly (stuck).
  5577 | D:4      | 5577 ||| Stepping randomly (stuck).
  5579 | D:4      | 5579 ||| Stepping randomly (stuck).
  5581 | D:4      | 5581 ||| Stepping randomly (stuck).
  5583 | D:4      | 5583 ||| Stepping randomly (stuck).
  5584 | D:4      | 5584 ||| Stepping randomly (stuck).
  5585 | D:4      | 5585 ||| Stepping randomly (stuck).
  5586 | D:4      | 5586 ||| Stepping randomly (stuck).
  5588 | D:4      | 5588 ||| Stepping randomly (stuck).
  5589 | D:4      | 5589 ||| Stepping randomly (stuck).
  5590 | D:4      | 5590 ||| Stepping randomly (stuck).
  5591 | D:4      | 5591 ||| Stepping randomly (stuck).
  5593 | D:4      | 5593 ||| Stepping randomly (stuck).
  5594 | D:4      | 5594 ||| Stepping randomly (stuck).
  5595 | D:4      | 5595 ||| Stepping randomly (stuck).
  5596 | D:4      | 5596 ||| Stepping randomly (stuck).
  5597 | D:4      | 5597 ||| Stepping randomly (stuck).
  5598 | D:4      | 5598 ||| Stepping randomly (stuck).
  5599 | D:4      | 5599 ||| Stepping randomly (stuck).
  5601 | D:4      | 5601 ||| Stepping randomly (stuck).
  5602 | D:4      | 5602 ||| Stepping randomly (stuck).
  5604 | D:4      | 5604 ||| Stepping randomly (stuck).
  5605 | D:4      | 5605 ||| Stepping randomly (stuck).
  5607 | D:4      | 5607 ||| Stepping randomly (stuck).
  5609 | D:4      | 5609 ||| Stepping randomly (stuck).
  5611 | D:4      | 5611 ||| Stepping randomly (stuck).
  5613 | D:4      | 5613 ||| Stepping randomly (stuck).
  5615 | D:4      | 5615 ||| Stepping randomly (stuck).
  5616 | D:4      | 5616 ||| Stepping randomly (stuck).
  5618 | D:4      | 5618 ||| Stepping randomly (stuck).
  5620 | D:4      | 5620 ||| Stepping randomly (stuck).
  5621 | D:4      | 5621 ||| Stepping randomly (stuck).
  5622 | D:4      | 5622 ||| Stepping randomly (stuck).
  5623 | D:4      | 5623 ||| Stepping randomly (stuck).
  5625 | D:4      | 5625 ||| Stepping randomly (stuck).
  5626 | D:4      | 5626 ||| Stepping randomly (stuck).
  5628 | D:4      | 5628 ||| Stepping randomly (stuck).
  5629 | D:4      | 5629 ||| Stepping randomly (stuck).
  5631 | D:4      | 5631 ||| Stepping randomly (stuck).
  5632 | D:4      | 5632 ||| Stepping randomly (stuck).
  5634 | D:4      | 5634 ||| Stepping randomly (stuck).
  5635 | D:4      | 5635 ||| Stepping randomly (stuck).
  5637 | D:4      | 5637 ||| Stepping randomly (stuck).
  5639 | D:4      | 5639 ||| Stepping randomly (stuck).
  5640 | D:4      | 5640 ||| Stepping randomly (stuck).
  5642 | D:4      | 5642 ||| Stepping randomly (stuck).
  5643 | D:4      | 5643 ||| Stepping randomly (stuck).
  5645 | D:4      | 5645 ||| Stepping randomly (stuck).
  5646 | D:4      | 5646 ||| Stepping randomly (stuck).
  5648 | D:4      | 5648 ||| Stepping randomly (stuck).
  5649 | D:4      | 5649 ||| Stepping randomly (stuck).
  5651 | D:4      | 5651 ||| Stepping randomly (stuck).
  5652 | D:4      | 5652 ||| Stepping randomly (stuck).
  5654 | D:4      | 5654 ||| Stepping randomly (stuck).
  5656 | D:4      | 5656 ||| Stepping randomly (stuck).
  5658 | D:4      | 5658 ||| Stepping randomly (stuck).
  5659 | D:4      | 5659 ||| Stepping randomly (stuck).
  5660 | D:4      | 5660 ||| Stepping randomly (stuck).
  5662 | D:4      | 5662 ||| Stepping randomly (stuck).
  5664 | D:4      | 5664 ||| Stepping randomly (stuck).
  5665 | D:4      | 5665 ||| Stepping randomly (stuck).
  5667 | D:4      | 5667 ||| Stepping randomly (stuck).
  5669 | D:4      | 5669 ||| Stepping randomly (stuck).
  5670 | D:4      | 5670 ||| Stepping randomly (stuck).
  5672 | D:4      | 5672 ||| Stepping randomly (stuck).
  5673 | D:4      | 5673 ||| Stepping randomly (stuck).
  5674 | D:4      | 5674 ||| Stepping randomly (stuck).
  5675 | D:4      | 5675 ||| Stepping randomly (stuck).
  5677 | D:4      | 5677 ||| Stepping randomly (stuck).
  5678 | D:4      | 5678 ||| Stepping randomly (stuck).
  5680 | D:4      | 5680 ||| Stepping randomly (stuck).
  5681 | D:4      | 5681 ||| Stepping randomly (stuck).
  5683 | D:4      | 5683 ||| Stepping randomly (stuck).
  5684 | D:4      | 5684 ||| Stepping randomly (stuck).
  5686 | D:4      | 5686 ||| Stepping randomly (stuck).
  5687 | D:4      | 5687 ||| Stepping randomly (stuck).
  5689 | D:4      | 5689 ||| Stepping randomly (stuck).
  5691 | D:4      | 5691 ||| Stepping randomly (stuck).
  5692 | D:4      | 5692 ||| Stepping randomly (stuck).
  5694 | D:4      | 5694 ||| Stepping randomly (stuck).
  5696 | D:4      | 5696 ||| Stepping randomly (stuck).
  5697 | D:4      | 5697 ||| Stepping randomly (stuck).
  5699 | D:4      | 5699 ||| Stepping randomly (stuck).
  5701 | D:4      | 5701 ||| Stepping randomly (stuck).
  5703 | D:4      | 5703 ||| Stepping randomly (stuck).
  5704 | D:4      | 5704 ||| Stepping randomly (stuck).
  5706 | D:4      | 5706 ||| Stepping randomly (stuck).
  5707 | D:4      | 5707 ||| Stepping randomly (stuck).
  5708 | D:4      | 5708 ||| Stepping randomly (stuck).
  5710 | D:4      | 5710 ||| Stepping randomly (stuck).
  5711 | D:4      | 5711 ||| Stepping randomly (stuck).
  5712 | D:4      | 5712 ||| Stepping randomly (stuck).
  5713 | D:4      | 5713 ||| Stepping randomly (stuck).
  5714 | D:4      | 5714 ||| Stepping randomly (stuck).
  5716 | D:4      | 5716 ||| Stepping randomly (stuck).
  5718 | D:4      | 5718 ||| Stepping randomly (stuck).
  5720 | D:4      | 5720 ||| Stepping randomly (stuck).
  5722 | D:4      | 5722 ||| Stepping randomly (stuck).
  5724 | D:4      | 5724 ||| Stepping randomly (stuck).
  5725 | D:4      | 5725 ||| Stepping randomly (stuck).
  5727 | D:4      | 5727 ||| Stepping randomly (stuck).
  5728 | D:4      | 5728 ||| Stepping randomly (stuck).
  5730 | D:4      | 5730 ||| Stepping randomly (stuck).
  5732 | D:4      | 5732 ||| Stepping randomly (stuck).
  5734 | D:4      | 5734 ||| Stepping randomly (stuck).
  5736 | D:4      | 5736 ||| Stepping randomly (stuck).
  5738 | D:4      | 5738 ||| Stepping randomly (stuck).
  5739 | D:4      | 5739 ||| Stepping randomly (stuck).
  5741 | D:4      | 5741 ||| Stepping randomly (stuck).
  5743 | D:4      | 5743 ||| Stepping randomly (stuck).
  5745 | D:4      | 5745 ||| Stepping randomly (stuck).
  5747 | D:4      | 5747 ||| Stepping randomly (stuck).
  5749 | D:4      | 5749 ||| Stepping randomly (stuck).
  5750 | D:4      | 5750 ||| Stepping randomly (stuck).
  5751 | D:4      | 5751 ||| Stepping randomly (stuck).
  5753 | D:4      | 5753 ||| Stepping randomly (stuck).
  5755 | D:4      | 5755 ||| Stepping randomly (stuck).
  5756 | D:4      | 5756 ||| Stepping randomly (stuck).
  5757 | D:4      | 5757 ||| Stepping randomly (stuck).
  5759 | D:4      | 5759 ||| Stepping randomly (stuck).
  5760 | D:4      | 5760 ||| Stepping randomly (stuck).
  5761 | D:4      | 5761 ||| Stepping randomly (stuck).
  5762 | D:4      | 5762 ||| Stepping randomly (stuck).
  5764 | D:4      | 5764 ||| Stepping randomly (stuck).
  5766 | D:4      | 5766 ||| Stepping randomly (stuck).
  5768 | D:4      | 5768 ||| Stepping randomly (stuck).
  5769 | D:4      | 5769 ||| Stepping randomly (stuck).
  5771 | D:4      | 5771 ||| Stepping randomly (stuck).
  5773 | D:4      | 5773 ||| Stepping randomly (stuck).
  5775 | D:4      | 5775 ||| Stepping randomly (stuck).
  5776 | D:4      | 5776 ||| Stepping randomly (stuck).
  5778 | D:4      | 5778 ||| Stepping randomly (stuck).
  5780 | D:4      | 5780 ||| Stepping randomly (stuck).
  5781 | D:4      | 5781 ||| Stepping randomly (stuck).
  5782 | D:4      | 5782 ||| Stepping randomly (stuck).
  5784 | D:4      | 5784 ||| Stepping randomly (stuck).
  5786 | D:4      | 5786 ||| Stepping randomly (stuck).
  5788 | D:4      | 5788 ||| Stepping randomly (stuck).
  5789 | D:4      | 5789 ||| Stepping randomly (stuck).
  5791 | D:4      | 5791 ||| Stepping randomly (stuck).
  5792 | D:4      | 5792 ||| Stepping randomly (stuck).
  5793 | D:4      | 5793 ||| Stepping randomly (stuck).
  5795 | D:4      | 5795 ||| Stepping randomly (stuck).
  5797 | D:4      | 5797 ||| Stepping randomly (stuck).
  5799 | D:4      | 5799 ||| Stepping randomly (stuck).
  5801 | D:4      | 5801 ||| Stepping randomly (stuck).
  5803 | D:4      | 5803 ||| Stepping randomly (stuck).
  5805 | D:4      | 5805 ||| Stepping randomly (stuck).
  5806 | D:4      | 5806 ||| Stepping randomly (stuck).
  5807 | D:4      | 5807 ||| Stepping randomly (stuck).
  5809 | D:4      | 5809 ||| Stepping randomly (stuck).
  5810 | D:4      | 5810 ||| Stepping randomly (stuck).
  5812 | D:4      | 5812 ||| Stepping randomly (stuck).
  5814 | D:4      | 5814 ||| Stepping randomly (stuck).
  5815 | D:4      | 5815 ||| Stepping randomly (stuck).
  5817 | D:4      | 5817 ||| Stepping randomly (stuck).
  5818 | D:4      | 5818 ||| Stepping randomly (stuck).
  5819 | D:4      | 5819 ||| Stepping randomly (stuck).
  5820 | D:4      | 5820 ||| Stepping randomly (stuck).
  5822 | D:4      | 5822 ||| Stepping randomly (stuck).
  5824 | D:4      | 5824 ||| Stepping randomly (stuck).
  5826 | D:4      | 5826 ||| Stepping randomly (stuck).
  5828 | D:4      | 5828 ||| Stepping randomly (stuck).
  5830 | D:4      | 5830 ||| Stepping randomly (stuck).
  5831 | D:4      | 5831 ||| Stepping randomly (stuck).
  5833 | D:4      | 5833 ||| Stepping randomly (stuck).
  5835 | D:4      | 5835 ||| Stepping randomly (stuck).
  5837 | D:4      | 5837 ||| Stepping randomly (stuck).
  5838 | D:4      | 5838 ||| Stepping randomly (stuck).
  5840 | D:4      | 5840 ||| Stepping randomly (stuck).
  5842 | D:4      | 5842 ||| Stepping randomly (stuck).
  5843 | D:4      | 5843 ||| Stepping randomly (stuck).
  5844 | D:4      | 5844 ||| Stepping randomly (stuck).
  5845 | D:4      | 5845 ||| Stepping randomly (stuck).
  5847 | D:4      | 5847 ||| Stepping randomly (stuck).
  5849 | D:4      | 5849 ||| Stepping randomly (stuck).
  5850 | D:4      | 5850 ||| Stepping randomly (stuck).
  5852 | D:4      | 5852 ||| Stepping randomly (stuck).
  5854 | D:4      | 5854 ||| Stepping randomly (stuck).
  5855 | D:4      | 5855 ||| Stepping randomly (stuck).
  5857 | D:4      | 5857 ||| Stepping randomly (stuck).
  5858 | D:4      | 5858 ||| Stepping randomly (stuck).
  5860 | D:4      | 5860 ||| Stepping randomly (stuck).
  5862 | D:4      | 5862 ||| Stepping randomly (stuck).
  5863 | D:4      | 5863 ||| Stepping randomly (stuck).
  5865 | D:4      | 5865 ||| Stepping randomly (stuck).
  5867 | D:4      | 5867 ||| Stepping randomly (stuck).
  5868 | D:4      | 5868 ||| Stepping randomly (stuck).
  5869 | D:4      | 5869 ||| Stepping randomly (stuck).
  5870 | D:4      | 5870 ||| Stepping randomly (stuck).
  5872 | D:4      | 5872 ||| Stepping randomly (stuck).
  5873 | D:4      | 5873 ||| Stepping randomly (stuck).
  5874 | D:4      | 5874 ||| Stepping randomly (stuck).
  5876 | D:4      | 5876 ||| Stepping randomly (stuck).
  5878 | D:4      | 5878 ||| Stepping randomly (stuck).
  5879 | D:4      | 5879 ||| Stepping randomly (stuck).
  5880 | D:4      | 5880 ||| Stepping randomly (stuck).
  5882 | D:4      | 5882 ||| Stepping randomly (stuck).
  5883 | D:4      | 5883 ||| Stepping randomly (stuck).
  5884 | D:4      | 5884 ||| Stepping randomly (stuck).
  5885 | D:4      | 5885 ||| Stepping randomly (stuck).
  5886 | D:4      | 5886 ||| Stepping randomly (stuck).
  5887 | D:4      | 5887 ||| Stepping randomly (stuck).
  5889 | D:4      | 5889 ||| Stepping randomly (stuck).
  5890 | D:4      | 5890 ||| Stepping randomly (stuck).
  5892 | D:4      | 5892 ||| Stepping randomly (stuck).
  5893 | D:4      | 5893 ||| Stepping randomly (stuck).
  5894 | D:4      | 5894 ||| Stepping randomly (stuck).
  5896 | D:4      | 5896 ||| Stepping randomly (stuck).
  5898 | D:4      | 5898 ||| Stepping randomly (stuck).
  5900 | D:4      | 5900 ||| Stepping randomly (stuck).
  5901 | D:4      | 5901 ||| Stepping randomly (stuck).
  5902 | D:4      | 5902 ||| Stepping randomly (stuck).
  5903 | D:4      | 5903 ||| Stepping randomly (stuck).
  5905 | D:4      | 5905 ||| Stepping randomly (stuck).
  5906 | D:4      | 5906 ||| Stepping randomly (stuck).
  5908 | D:4      | 5908 ||| Stepping randomly (stuck).
  5910 | D:4      | 5910 ||| Stepping randomly (stuck).
  5911 | D:4      | 5911 ||| Stepping randomly (stuck).
  5913 | D:4      | 5913 ||| Stepping randomly (stuck).
  5914 | D:4      | 5914 ||| Stepping randomly (stuck).
  5916 | D:4      | 5916 ||| Stepping randomly (stuck).
  5918 | D:4      | 5918 ||| Stepping randomly (stuck).
  5920 | D:4      | 5920 ||| Stepping randomly (stuck).
  5921 | D:4      | 5921 ||| Stepping randomly (stuck).
  5922 | D:4      | 5922 ||| Stepping randomly (stuck).
  5924 | D:4      | 5924 ||| Stepping randomly (stuck).
  5926 | D:4      | 5926 ||| Stepping randomly (stuck).
  5928 | D:4      | 5928 ||| Stepping randomly (stuck).
  5929 | D:4      | 5929 ||| Stepping randomly (stuck).
  5930 | D:4      | 5930 ||| Stepping randomly (stuck).
  5932 | D:4      | 5932 ||| Stepping randomly (stuck).
  5934 | D:4      | 5934 ||| Stepping randomly (stuck).
  5935 | D:4      | 5935 ||| Stepping randomly (stuck).
  5937 | D:4      | 5937 ||| Stepping randomly (stuck).
  5939 | D:4      | 5939 ||| Stepping randomly (stuck).
  5940 | D:4      | 5940 ||| Stepping randomly (stuck).
  5942 | D:4      | 5942 ||| Stepping randomly (stuck).
  5943 | D:4      | 5943 ||| Stepping randomly (stuck).
  5944 | D:4      | 5944 ||| Stepping randomly (stuck).
  5945 | D:4      | 5945 ||| Stepping randomly (stuck).
  5947 | D:4      | 5947 ||| Stepping randomly (stuck).
  5948 | D:4      | 5948 ||| Stepping randomly (stuck).
  5949 | D:4      | 5949 ||| Stepping randomly (stuck).
  5950 | D:4      | 5950 ||| Stepping randomly (stuck).
  5952 | D:4      | 5952 ||| Stepping randomly (stuck).
  5954 | D:4      | 5954 ||| Stepping randomly (stuck).
  5955 | D:4      | 5955 ||| Stepping randomly (stuck).
  5956 | D:4      | 5956 ||| Stepping randomly (stuck).
  5957 | D:4      | 5957 ||| Stepping randomly (stuck).
  5958 | D:4      | 5958 ||| Stepping randomly (stuck).
  5959 | D:4      | 5959 ||| Stepping randomly (stuck).
  5961 | D:4      | 5961 ||| Stepping randomly (stuck).
  5963 | D:4      | 5963 ||| Stepping randomly (stuck).
  5965 | D:4      | 5965 ||| Stepping randomly (stuck).
  5967 | D:4      | 5967 ||| Stepping randomly (stuck).
  5969 | D:4      | 5969 ||| Stepping randomly (stuck).
  5970 | D:4      | 5970 ||| Stepping randomly (stuck).
  5972 | D:4      | 5972 ||| Stepping randomly (stuck).
  5973 | D:4      | 5973 ||| Stepping randomly (stuck).
  5974 | D:4      | 5974 ||| Stepping randomly (stuck).
  5976 | D:4      | 5976 ||| Stepping randomly (stuck).
  5978 | D:4      | 5978 ||| Stepping randomly (stuck).
  5980 | D:4      | 5980 ||| Stepping randomly (stuck).
  5982 | D:4      | 5982 ||| Stepping randomly (stuck).
  5984 | D:4      | 5984 ||| Stepping randomly (stuck).
  5985 | D:4      | 5985 ||| Stepping randomly (stuck).
  5986 | D:4      | 5986 ||| Stepping randomly (stuck).
  5987 | D:4      | 5987 ||| Stepping randomly (stuck).
  5988 | D:4      | 5988 ||| Stepping randomly (stuck).
  5990 | D:4      | 5990 ||| Stepping randomly (stuck).
  5992 | D:4      | 5992 ||| Stepping randomly (stuck).
  5994 | D:4      | 5994 ||| Stepping randomly (stuck).
  5996 | D:4      | 5996 ||| Stepping randomly (stuck).
  5998 | D:4      | 5998 ||| Stepping randomly (stuck).
  5999 | D:4      | 5999 ||| Stepping randomly (stuck).
  6000 | D:4      | 6000 ||| Stepping randomly (stuck).
  6002 | D:4      | 6002 ||| Stepping randomly (stuck).
  6003 | D:4      | 6003 ||| Stepping randomly (stuck).
  6004 | D:4      | 6004 ||| Stepping randomly (stuck).
  6006 | D:4      | 6006 ||| Stepping randomly (stuck).
  6008 | D:4      | 6008 ||| Stepping randomly (stuck).
  6010 | D:4      | 6010 ||| Stepping randomly (stuck).
  6011 | D:4      | 6011 ||| Stepping randomly (stuck).
  6013 | D:4      | 6013 ||| Stepping randomly (stuck).
  6014 | D:4      | 6014 ||| Stepping randomly (stuck).
  6016 | D:4      | 6016 ||| Stepping randomly (stuck).
  6018 | D:4      | 6018 ||| Stepping randomly (stuck).
  6019 | D:4      | 6019 ||| Stepping randomly (stuck).
  6020 | D:4      | 6020 ||| Stepping randomly (stuck).
  6021 | D:4      | 6021 ||| Stepping randomly (stuck).
  6022 | D:4      | 6022 ||| Stepping randomly (stuck).
  6024 | D:4      | 6024 ||| Stepping randomly (stuck).
  6026 | D:4      | 6026 ||| Stepping randomly (stuck).
  6028 | D:4      | 6028 ||| Stepping randomly (stuck).
  6030 | D:4      | 6030 ||| Stepping randomly (stuck).
  6032 | D:4      | 6032 ||| Stepping randomly (stuck).
  6033 | D:4      | 6033 ||| Stepping randomly (stuck).
  6035 | D:4      | 6035 ||| Stepping randomly (stuck).
  6036 | D:4      | 6036 ||| Stepping randomly (stuck).
  6037 | D:4      | 6037 ||| Stepping randomly (stuck).
  6038 | D:4      | 6038 ||| Stepping randomly (stuck).
  6039 | D:4      | 6039 ||| Stepping randomly (stuck).
  6040 | D:4      | 6040 ||| Stepping randomly (stuck).
  6042 | D:4      | 6042 ||| Stepping randomly (stuck).
  6043 | D:4      | 6043 ||| Stepping randomly (stuck).
  6044 | D:4      | 6044 ||| Stepping randomly (stuck).
  6045 | D:4      | 6045 ||| Stepping randomly (stuck).
  6046 | D:4      | 6046 ||| Stepping randomly (stuck).
  6048 | D:4      | 6048 ||| Stepping randomly (stuck).
  6049 | D:4      | 6049 ||| Stepping randomly (stuck).
  6050 | D:4      | 6050 ||| Stepping randomly (stuck).
  6051 | D:4      | 6051 ||| Stepping randomly (stuck).
  6052 | D:4      | 6052 ||| Stepping randomly (stuck).
  6054 | D:4      | 6054 ||| Stepping randomly (stuck).
  6055 | D:4      | 6055 ||| Stepping randomly (stuck).
  6056 | D:4      | 6056 ||| Stepping randomly (stuck).
  6057 | D:4      | 6057 ||| Stepping randomly (stuck).
  6058 | D:4      | 6058 ||| Stepping randomly (stuck).
  6060 | D:4      | 6060 ||| Stepping randomly (stuck).
  6062 | D:4      | 6062 ||| Stepping randomly (stuck).
  6064 | D:4      | 6064 ||| Stepping randomly (stuck).
  6066 | D:4      | 6066 ||| Stepping randomly (stuck).
  6067 | D:4      | 6067 ||| Stepping randomly (stuck).
  6069 | D:4      | 6069 ||| Stepping randomly (stuck).
  6070 | D:4      | 6070 ||| Stepping randomly (stuck).
  6072 | D:4      | 6072 ||| Stepping randomly (stuck).
  6073 | D:4      | 6073 ||| Stepping randomly (stuck).
  6074 | D:4      | 6074 ||| Stepping randomly (stuck).
  6076 | D:4      | 6076 ||| Stepping randomly (stuck).
  6078 | D:4      | 6078 ||| Stepping randomly (stuck).
  6079 | D:4      | 6079 ||| Stepping randomly (stuck).
  6080 | D:4      | 6080 ||| Stepping randomly (stuck).
  6082 | D:4      | 6082 ||| Stepping randomly (stuck).
  6083 | D:4      | 6083 ||| Stepping randomly (stuck).
  6085 | D:4      | 6085 ||| Stepping randomly (stuck).
  6087 | D:4      | 6087 ||| Stepping randomly (stuck).
  6089 | D:4      | 6089 ||| Stepping randomly (stuck).
  6090 | D:4      | 6090 ||| Stepping randomly (stuck).
  6092 | D:4      | 6092 ||| Stepping randomly (stuck).
  6093 | D:4      | 6093 ||| Stepping randomly (stuck).
  6095 | D:4      | 6095 ||| Stepping randomly (stuck).
  6097 | D:4      | 6097 ||| Stepping randomly (stuck).
  6098 | D:4      | 6098 ||| Stepping randomly (stuck).
  6099 | D:4      | 6099 ||| Stepping randomly (stuck).
  6100 | D:4      | 6100 ||| Stepping randomly (stuck).
  6101 | D:4      | 6101 ||| Stepping randomly (stuck).
  6102 | D:4      | 6102 ||| Stepping randomly (stuck).
  6103 | D:4      | 6103 ||| Stepping randomly (stuck).
  6104 | D:4      | 6104 ||| Stepping randomly (stuck).
  6106 | D:4      | 6106 ||| Stepping randomly (stuck).
  6108 | D:4      | 6108 ||| Stepping randomly (stuck).
  6110 | D:4      | 6110 ||| Stepping randomly (stuck).
  6111 | D:4      | 6111 ||| Stepping randomly (stuck).
  6112 | D:4      | 6112 ||| Stepping randomly (stuck).
  6113 | D:4      | 6113 ||| Stepping randomly (stuck).
  6115 | D:4      | 6115 ||| Stepping randomly (stuck).
  6117 | D:4      | 6117 ||| Stepping randomly (stuck).
  6119 | D:4      | 6119 ||| Stepping randomly (stuck).
  6121 | D:4      | 6121 ||| Stepping randomly (stuck).
  6122 | D:4      | 6122 ||| Stepping randomly (stuck).
  6123 | D:4      | 6123 ||| Stepping randomly (stuck).
  6124 | D:4      | 6124 ||| Stepping randomly (stuck).
  6125 | D:4      | 6125 ||| Stepping randomly (stuck).
  6127 | D:4      | 6127 ||| Stepping randomly (stuck).
  6128 | D:4      | 6128 ||| Stepping randomly (stuck).
  6129 | D:4      | 6129 ||| Stepping randomly (stuck).
  6130 | D:4      | 6130 ||| Stepping randomly (stuck).
  6132 | D:4      | 6132 ||| Stepping randomly (stuck).
  6134 | D:4      | 6134 ||| Stepping randomly (stuck).
  6136 | D:4      | 6136 ||| Stepping randomly (stuck).
  6138 | D:4      | 6138 ||| Stepping randomly (stuck).
  6139 | D:4      | 6139 ||| Stepping randomly (stuck).
  6141 | D:4      | 6141 ||| Stepping randomly (stuck).
  6143 | D:4      | 6143 ||| Stepping randomly (stuck).
  6144 | D:4      | 6144 ||| Stepping randomly (stuck).
  6146 | D:4      | 6146 ||| Stepping randomly (stuck).
  6147 | D:4      | 6147 ||| Stepping randomly (stuck).
  6149 | D:4      | 6149 ||| Stepping randomly (stuck).
  6150 | D:4      | 6150 ||| Stepping randomly (stuck).
  6151 | D:4      | 6151 ||| Stepping randomly (stuck).
  6153 | D:4      | 6153 ||| Stepping randomly (stuck).
  6154 | D:4      | 6154 ||| Stepping randomly (stuck).
  6156 | D:4      | 6156 ||| Stepping randomly (stuck).
  6158 | D:4      | 6158 ||| Stepping randomly (stuck).
  6159 | D:4      | 6159 ||| Stepping randomly (stuck).
  6161 | D:4      | 6161 ||| Stepping randomly (stuck).
  6163 | D:4      | 6163 ||| Stepping randomly (stuck).
  6164 | D:4      | 6164 ||| Stepping randomly (stuck).
  6166 | D:4      | 6166 ||| Stepping randomly (stuck).
  6168 | D:4      | 6168 ||| Stepping randomly (stuck).
  6169 | D:4      | 6169 ||| Stepping randomly (stuck).
  6170 | D:4      | 6170 ||| Stepping randomly (stuck).
  6172 | D:4      | 6172 ||| Stepping randomly (stuck).
  6174 | D:4      | 6174 ||| Stepping randomly (stuck).
  6176 | D:4      | 6176 ||| Stepping randomly (stuck).
  6178 | D:4      | 6178 ||| Stepping randomly (stuck).
  6180 | D:4      | 6180 ||| Stepping randomly (stuck).
  6181 | D:4      | 6181 ||| Stepping randomly (stuck).
  6183 | D:4      | 6183 ||| Stepping randomly (stuck).
  6184 | D:4      | 6184 ||| Stepping randomly (stuck).
  6185 | D:4      | 6185 ||| Stepping randomly (stuck).
  6187 | D:4      | 6187 ||| Stepping randomly (stuck).
  6188 | D:4      | 6188 ||| Stepping randomly (stuck).
  6190 | D:4      | 6190 ||| Stepping randomly (stuck).
  6191 | D:4      | 6191 ||| Stepping randomly (stuck).
  6192 | D:4      | 6192 ||| Stepping randomly (stuck).
  6194 | D:4      | 6194 ||| Stepping randomly (stuck).
  6196 | D:4      | 6196 ||| Stepping randomly (stuck).
  6197 | D:4      | 6197 ||| Stepping randomly (stuck).
  6198 | D:4      | 6198 ||| Stepping randomly (stuck).
  6200 | D:4      | 6200 ||| Stepping randomly (stuck).
  6201 | D:4      | 6201 ||| Stepping randomly (stuck).
  6203 | D:4      | 6203 ||| Stepping randomly (stuck).
  6205 | D:4      | 6205 ||| Stepping randomly (stuck).
  6206 | D:4      | 6206 ||| Stepping randomly (stuck).
  6208 | D:4      | 6208 ||| Stepping randomly (stuck).
  6209 | D:4      | 6209 ||| Stepping randomly (stuck).
  6211 | D:4      | 6211 ||| Stepping randomly (stuck).
  6212 | D:4      | 6212 ||| Stepping randomly (stuck).
  6214 | D:4      | 6214 ||| Stepping randomly (stuck).
  6216 | D:4      | 6216 ||| Stepping randomly (stuck).
  6217 | D:4      | 6217 ||| Stepping randomly (stuck).
  6219 | D:4      | 6219 ||| Stepping randomly (stuck).
  6220 | D:4      | 6220 ||| Stepping randomly (stuck).
  6222 | D:4      | 6222 ||| Stepping randomly (stuck).
  6223 | D:4      | 6223 ||| Stepping randomly (stuck).
  6225 | D:4      | 6225 ||| Stepping randomly (stuck).
  6227 | D:4      | 6227 ||| Stepping randomly (stuck).
  6228 | D:4      | 6228 ||| Stepping randomly (stuck).
  6229 | D:4      | 6229 ||| Stepping randomly (stuck).
  6230 | D:4      | 6230 ||| Stepping randomly (stuck).
  6232 | D:4      | 6232 ||| Stepping randomly (stuck).
  6234 | D:4      | 6234 ||| Stepping randomly (stuck).
  6235 | D:4      | 6235 ||| Stepping randomly (stuck).
  6236 | D:4      | 6236 ||| Stepping randomly (stuck).
  6237 | D:4      | 6237 ||| Stepping randomly (stuck).
  6238 | D:4      | 6238 ||| Stepping randomly (stuck).
  6240 | D:4      | 6240 ||| Stepping randomly (stuck).
  6241 | D:4      | 6241 ||| Stepping randomly (stuck).
  6242 | D:4      | 6242 ||| Stepping randomly (stuck).
  6244 | D:4      | 6244 ||| Stepping randomly (stuck).
  6245 | D:4      | 6245 ||| Stepping randomly (stuck).
  6247 | D:4      | 6247 ||| Stepping randomly (stuck).
  6249 | D:4      | 6249 ||| Stepping randomly (stuck).
  6251 | D:4      | 6251 ||| Stepping randomly (stuck).
  6252 | D:4      | 6252 ||| Stepping randomly (stuck).
  6253 | D:4      | 6253 ||| Stepping randomly (stuck).
  6254 | D:4      | 6254 ||| Stepping randomly (stuck).
  6256 | D:4      | 6256 ||| Stepping randomly (stuck).
  6258 | D:4      | 6258 ||| Stepping randomly (stuck).
  6259 | D:4      | 6259 ||| Stepping randomly (stuck).
  6261 | D:4      | 6261 ||| Stepping randomly (stuck).
  6263 | D:4      | 6263 ||| Stepping randomly (stuck).
  6264 | D:4      | 6264 ||| Stepping randomly (stuck).
  6266 | D:4      | 6266 ||| Stepping randomly (stuck).
  6268 | D:4      | 6268 ||| Stepping randomly (stuck).
  6270 | D:4      | 6270 ||| Stepping randomly (stuck).
  6272 | D:4      | 6272 ||| Stepping randomly (stuck).
  6274 | D:4      | 6274 ||| Stepping randomly (stuck).
  6275 | D:4      | 6275 ||| Stepping randomly (stuck).
  6277 | D:4      | 6277 ||| Stepping randomly (stuck).
  6278 | D:4      | 6278 ||| Stepping randomly (stuck).
  6280 | D:4      | 6280 ||| Stepping randomly (stuck).
  6281 | D:4      | 6281 ||| Stepping randomly (stuck).
  6283 | D:4      | 6283 ||| Stepping randomly (stuck).
  6285 | D:4      | 6285 ||| Stepping randomly (stuck).
  6286 | D:4      | 6286 ||| Stepping randomly (stuck).
  6288 | D:4      | 6288 ||| Stepping randomly (stuck).
  6289 | D:4      | 6289 ||| Stepping randomly (stuck).
  6291 | D:4      | 6291 ||| Stepping randomly (stuck).
  6293 | D:4      | 6293 ||| Stepping randomly (stuck).
  6294 | D:4      | 6294 ||| Stepping randomly (stuck).
  6296 | D:4      | 6296 ||| Stepping randomly (stuck).
  6297 | D:4      | 6297 ||| Stepping randomly (stuck).
  6299 | D:4      | 6299 ||| Stepping randomly (stuck).
  6300 | D:4      | 6300 ||| Stepping randomly (stuck).
  6301 | D:4      | 6301 ||| Stepping randomly (stuck).
  6303 | D:4      | 6303 ||| Stepping randomly (stuck).
  6305 | D:4      | 6305 ||| Stepping randomly (stuck).
  6306 | D:4      | 6306 ||| Stepping randomly (stuck).
  6307 | D:4      | 6307 ||| Stepping randomly (stuck).
  6309 | D:4      | 6309 ||| Stepping randomly (stuck).
  6311 | D:4      | 6311 ||| Stepping randomly (stuck).
  6312 | D:4      | 6312 ||| Stepping randomly (stuck).
  6314 | D:4      | 6314 ||| Stepping randomly (stuck).
  6316 | D:4      | 6316 ||| Stepping randomly (stuck).
  6317 | D:4      | 6317 ||| Stepping randomly (stuck).
  6318 | D:4      | 6318 ||| Stepping randomly (stuck).
  6319 | D:4      | 6319 ||| Stepping randomly (stuck).
  6320 | D:4      | 6320 ||| Stepping randomly (stuck).
  6321 | D:4      | 6321 ||| Stepping randomly (stuck).
  6323 | D:4      | 6323 ||| Stepping randomly (stuck).
  6324 | D:4      | 6324 ||| Stepping randomly (stuck).
  6325 | D:4      | 6325 ||| Stepping randomly (stuck).
  6326 | D:4      | 6326 ||| Stepping randomly (stuck).
  6327 | D:4      | 6327 ||| Stepping randomly (stuck).
  6329 | D:4      | 6329 ||| Stepping randomly (stuck).
  6330 | D:4      | 6330 ||| Stepping randomly (stuck).
  6332 | D:4      | 6332 ||| Stepping randomly (stuck).
  6334 | D:4      | 6334 ||| Stepping randomly (stuck).
  6336 | D:4      | 6336 ||| Stepping randomly (stuck).
  6337 | D:4      | 6337 ||| Stepping randomly (stuck).
  6338 | D:4      | 6338 ||| Stepping randomly (stuck).
  6339 | D:4      | 6339 ||| Stepping randomly (stuck).
  6341 | D:4      | 6341 ||| Stepping randomly (stuck).
  6342 | D:4      | 6342 ||| Stepping randomly (stuck).
  6344 | D:4      | 6344 ||| Stepping randomly (stuck).
  6346 | D:4      | 6346 ||| Stepping randomly (stuck).
  6347 | D:4      | 6347 ||| Stepping randomly (stuck).
  6349 | D:4      | 6349 ||| Stepping randomly (stuck).
  6350 | D:4      | 6350 ||| Stepping randomly (stuck).
  6351 | D:4      | 6351 ||| Stepping randomly (stuck).
  6352 | D:4      | 6352 ||| Stepping randomly (stuck).
  6354 | D:4      | 6354 ||| Stepping randomly (stuck).
  6355 | D:4      | 6355 ||| Stepping randomly (stuck).
  6357 | D:4      | 6357 ||| Stepping randomly (stuck).
  6358 | D:4      | 6358 ||| Stepping randomly (stuck).
  6360 | D:4      | 6360 ||| Stepping randomly (stuck).
  6361 | D:4      | 6361 ||| Stepping randomly (stuck).
  6362 | D:4      | 6362 ||| Stepping randomly (stuck).
  6363 | D:4      | 6363 ||| Stepping randomly (stuck).
  6364 | D:4      | 6364 ||| Stepping randomly (stuck).
  6366 | D:4      | 6366 ||| Stepping randomly (stuck).
  6368 | D:4      | 6368 ||| Stepping randomly (stuck).
  6369 | D:4      | 6369 ||| Stepping randomly (stuck).
  6371 | D:4      | 6371 ||| Stepping randomly (stuck).
  6373 | D:4      | 6373 ||| Stepping randomly (stuck).
  6375 | D:4      | 6375 ||| Stepping randomly (stuck).
  6377 | D:4      | 6377 ||| Stepping randomly (stuck).
  6378 | D:4      | 6378 ||| Stepping randomly (stuck).
  6379 | D:4      | 6379 ||| Stepping randomly (stuck).
  6381 | D:4      | 6381 ||| Stepping randomly (stuck).
  6382 | D:4      | 6382 ||| Stepping randomly (stuck).
  6384 | D:4      | 6384 ||| Stepping randomly (stuck).
  6385 | D:4      | 6385 ||| Stepping randomly (stuck).
  6386 | D:4      | 6386 ||| Stepping randomly (stuck).
  6388 | D:4      | 6388 ||| Stepping randomly (stuck).
  6390 | D:4      | 6390 ||| Stepping randomly (stuck).
  6391 | D:4      | 6391 ||| Stepping randomly (stuck).
  6393 | D:4      | 6393 ||| Stepping randomly (stuck).
  6394 | D:4      | 6394 ||| Stepping randomly (stuck).
  6396 | D:4      | 6396 ||| Stepping randomly (stuck).
  6397 | D:4      | 6397 ||| Stepping randomly (stuck).
  6399 | D:4      | 6399 ||| Stepping randomly (stuck).
  6401 | D:4      | 6401 ||| Stepping randomly (stuck).
  6403 | D:4      | 6403 ||| Stepping randomly (stuck).
  6404 | D:4      | 6404 ||| Stepping randomly (stuck).
  6406 | D:4      | 6406 ||| Stepping randomly (stuck).
  6407 | D:4      | 6407 ||| Stepping randomly (stuck).
  6408 | D:4      | 6408 ||| Stepping randomly (stuck).
  6409 | D:4      | 6409 ||| Stepping randomly (stuck).
  6411 | D:4      | 6411 ||| Stepping randomly (stuck).
  6413 | D:4      | 6413 ||| Stepping randomly (stuck).
  6415 | D:4      | 6415 ||| Stepping randomly (stuck).
  6416 | D:4      | 6416 ||| Stepping randomly (stuck).
  6418 | D:4      | 6418 ||| Stepping randomly (stuck).
  6419 | D:4      | 6419 ||| Stepping randomly (stuck).
  6421 | D:4      | 6421 ||| Stepping randomly (stuck).
  6422 | D:4      | 6422 ||| Stepping randomly (stuck).
  6423 | D:4      | 6423 ||| Stepping randomly (stuck).
  6424 | D:4      | 6424 ||| Stepping randomly (stuck).
  6425 | D:4      | 6425 ||| Stepping randomly (stuck).
  6426 | D:4      | 6426 ||| Stepping randomly (stuck).
  6428 | D:4      | 6428 ||| Stepping randomly (stuck).
  6430 | D:4      | 6430 ||| Stepping randomly (stuck).
  6431 | D:4      | 6431 ||| Stepping randomly (stuck).
  6433 | D:4      | 6433 ||| Stepping randomly (stuck).
  6435 | D:4      | 6435 ||| Stepping randomly (stuck).
  6437 | D:4      | 6437 ||| Stepping randomly (stuck).
  6438 | D:4      | 6438 ||| Stepping randomly (stuck).
  6439 | D:4      | 6439 ||| Stepping randomly (stuck).
  6441 | D:4      | 6441 ||| Stepping randomly (stuck).
  6443 | D:4      | 6443 ||| Stepping randomly (stuck).
  6445 | D:4      | 6445 ||| Stepping randomly (stuck).
  6447 | D:4      | 6447 ||| Stepping randomly (stuck).
  6448 | D:4      | 6448 ||| Stepping randomly (stuck).
  6449 | D:4      | 6449 ||| Stepping randomly (stuck).
  6450 | D:4      | 6450 ||| Stepping randomly (stuck).
  6452 | D:4      | 6452 ||| Stepping randomly (stuck).
  6454 | D:4      | 6454 ||| Stepping randomly (stuck).
  6456 | D:4      | 6456 ||| Stepping randomly (stuck).
  6457 | D:4      | 6457 ||| Stepping randomly (stuck).
  6458 | D:4      | 6458 ||| Stepping randomly (stuck).
  6459 | D:4      | 6459 ||| Stepping randomly (stuck).
  6461 | D:4      | 6461 ||| Stepping randomly (stuck).
  6463 | D:4      | 6463 ||| Stepping randomly (stuck).
  6464 | D:4      | 6464 ||| Stepping randomly (stuck).
  6466 | D:4      | 6466 ||| Stepping randomly (stuck).
  6468 | D:4      | 6468 ||| Stepping randomly (stuck).
  6469 | D:4      | 6469 ||| Stepping randomly (stuck).
  6471 | D:4      | 6471 ||| Stepping randomly (stuck).
  6472 | D:4      | 6472 ||| Stepping randomly (stuck).
  6474 | D:4      | 6474 ||| Stepping randomly (stuck).
  6475 | D:4      | 6475 ||| Stepping randomly (stuck).
  6476 | D:4      | 6476 ||| Stepping randomly (stuck).
  6478 | D:4      | 6478 ||| Stepping randomly (stuck).
  6480 | D:4      | 6480 ||| Stepping randomly (stuck).
  6482 | D:4      | 6482 ||| Stepping randomly (stuck).
  6484 | D:4      | 6484 ||| Stepping randomly (stuck).
  6486 | D:4      | 6486 ||| Stepping randomly (stuck).
  6488 | D:4      | 6488 ||| Stepping randomly (stuck).
  6489 | D:4      | 6489 ||| Stepping randomly (stuck).
  6491 | D:4      | 6491 ||| Stepping randomly (stuck).
  6493 | D:4      | 6493 ||| Stepping randomly (stuck).
  6495 | D:4      | 6495 ||| Stepping randomly (stuck).
  6497 | D:4      | Quit the game

Levels and vault maps discovered:
D:1:      saegor_arrival_simple_c, layout_basic, ebering_ecumenical_altar_hall
D:2:      layout_basic, basic_altar, minmay_pentomino_v2
D:3:      layout_basic, serial_co_window_serial, co_window_paths_a,
          co_window_paths_a, co_window_of_opportunity_a, co_window_paths_b,
          co_window_paths_a, co_window_paths_a, co_window_corner_a,
          co_window_cross_4, co_window_2corner, co_window_broadway_a,
          co_window_of_opportunity_c, co_window_4corner_b, co_window_4corner_a,
          uniq_sigmund, uniq_robin, uniq_jessica, uniq_grinder
D:4:      minmay_chambers_of_fours, layout_layer_cave,
          chequers_temple_overflow_statue_of_worship, uniq_eustachio

Skill      XL: |  1  2  3  4  5  6  7 |
---------------+----------------------+-----
Axes           | 3 4 5 6 7 |  7.0
Shields        | 1 |  1.3
Armour         | 4 |  4.6
Fighting       | 3 |  3.5
Throwing       | |  1.0
Dodging        | |  2.1
Spellcasting   | |  2.0
Translocations | |  2.4

Action                   |  1- 3 |  4- 6 |  7- 9 || total
-------------------------+-------+-------+-------++-------
Melee: Hand axe          |    77 |    97 |    47 ||   221
       Kick              |    18 |    20 |    17 ||    55
       Peck              |    13 |    14 |     8 ||    35
Throw: Boomerang         |     7 |     4 |     4 ||    15
       Javelin           |       |    11 |    15 ||    26
  Use: Scroll            |     3 |     4 |     1 ||     8
       Potion            |       |     2 |       ||     2
Armor: Leather armour    |     7 |       |       ||     7
       Scale mail        |    25 |    27 |       ||    52
       Chain mail        |       |    31 |    30 ||    61
Dodge: Dodged            |    37 |    38 |    15 ||    90
Block: Buckler           |     4 |    15 |     6 ||    25

Table legend:
 A = Non-vault XP
 B = Vault XP
 C = Vault XP percentage of total XP
 D = Non-vault monster count
 E = Vault monster count
 F = Vault count percentage of total count
                 A         B        C        D         E       F
            +---------+---------+-------+---------+---------+-------
      Total |     319 |     700 |  68.7 |      62 |      19 |  23.5
            +---------+---------+-------+---------+---------+-------
        D:1 |      31 |       0 |   0.0 |      17 |       0 |   0.0
        D:2 |      67 |      18 |  21.2 |      16 |      10 |  38.5
        D:3 |      44 |     565 |  92.8 |      23 |       4 |  14.8
        D:4 |     177 |     117 |  39.8 |       6 |       5 |  45.5
            +---------+---------+-------+---------+---------+-------
